 Dungeon Crawl Stone Soup version 0.30.1-4-g462c640d31 (webtiles) character file.

Game seed: 15945266851006071456

91 GordonOverkill the Digger (level 4, -6/31 (33) HPs)
             Began as a Formicid Earth Elementalist on Aug 17, 2023.
             Mangled by an ice beast (11 damage)
             ... on level 4 of the Dungeon.
             The game lasted 00:06:05 (3079 turns).

GordonOverkill the Digger (FoEE)                    Turns: 3079, Time: 00:06:06

HP:   -6/31 (33)    AC:  3    Str: 13    XL:     4   Next: 87%
MP:   3/8           EV: 12    Int: 16    God:
Gold: 188           SH:  0    Dex: 14    Spells: 3/9 levels left

rFire   . . .        n - staff of earth
rCold   . . .        (no shield)
rNeg    . . .        a - +0 robe
rPois   .            (helmet unavailable)
rElec   .            (no cloak)
rCorr   .            i - +0 pair of gloves
SInv    +            (no boots)
Will    .....        e - amulet of magic regeneration
Stlth   ++           (no ring)
HPRegen 0.25/turn    (no ring)
MPRegen 0.51/turn

%: no passive effects
@: drained
A: permanent stasis, dig shafts and tunnels, antennae 3, four strong arms
a: Dig, Shaft Self


You were on level 4 of the Dungeon.
You visited 1 branch of the dungeon, and saw 4 of its levels.

You collected 188 gold pieces.

Inventory:

Hand Weapons
 h - a +0 hand axe of venom
Armour
 a - a +0 robe (worn)
 i - a +0 pair of gloves (worn)
Magical Staves
 n - a staff of earth (weapon)
Jewellery
 e - an amulet of magic regeneration (around neck)
Scrolls
 j - a scroll of poison {unknown}
 l - a scroll of torment {unknown}
 p - a scroll of enchant armour {unknown}
 q - a scroll of summoning {unknown}
 r - a scroll of teleportation {unknown}
 s - a scroll of magic mapping {unknown}
Potions
 b - a potion of magic
 c - 4 potions of curing
 d - a potion of brilliance
 f - a potion of resistance {unknown}
 g - 2 potions of mutation {unknown}
 k - 2 potions of might {unknown}
 m - a potion of flight


   Skills:
 + Level 1.9 Fighting
 - Level 1.7 Dodging
 - Level 2.4 Stealth
 + Level 3.0 Spellcasting
 + Level 0.5 Conjurations
 + Level 2.2 Transmutations
 + Level 4.4 Earth Magic


You had 3 spell levels left.
You knew the following spells:

 Your Spells              Type           Power      Damage    Failure   Level
a - Sandblast             Erth           48%        2d12      3%          1
b - Passwall              Tmut/Erth      15%        N/A       7%          2
c - Stone Arrow           Conj/Erth      30%        3d8       21%         3

Your spell library contained the following spells:

 Spells                   Type           Power      Damage    Failure   Level
 Gell's Gravitas          Tloc           2%         N/A       50%         3
 Ozocubu's Armour         Ice            2%         N/A       50%         3
 Teleport Other           Tloc           2%         N/A       50%         3
 Petrify                  Tmut/Erth      19%        N/A       43%         4
 Metabolic Englaciation   Hex/Ice        1%         N/A       99%         5
 Dispersal                Tloc           1%         N/A       100%        6
 Simulacrum               Ice/Necr       1%         N/A       100%        6


Dungeon Overview and Level Annotations

Branches:
Dungeon (4/15)
 Temple: D:4-7

Altars:
Elyvilon

Shops:
D:3 *?


Innate Abilities, Weirdness & Mutations

You cannot be hasted, slowed, berserked, paralysed or teleported.
You can dig through walls and to a lower floor.
You have a pair of large antennae on your head. (SInv)
Your four strong arms can wield two-handed weapons with a shield.


Message History

Aim: an ice beast (heavily wounded, 83% to hit)
You feel a surge of power!
The blast of sand hits the ice beast.
The ice beast is severely wounded.
The ice beast hits you. The ice beast freezes you!
* * * LOW HITPOINT WARNING * * *
Casting: Sandblast (safe; 3% risk of failure)
Confirm with . or Enter, or press ? or * to list all spells.
Aiming: Sandblast (safe; 3% risk of failure)
Press: ? - help, Shift-Dir - straight line, f/p - ice beast
Aim: an ice beast (severely wounded, 83% to hit)
You feel a surge of power!
The blast of sand hits the ice beast but does no damage.
The ice beast is severely wounded.
The ice beast barely misses you. The ice beast hits you.
* * * LOW HITPOINT WARNING * * *
The ice beast freezes you!
* * * LOW HITPOINT WARNING * * *
Your magical contamination has completely faded away.
Casting: Sandblast (safe; 3% risk of failure)
Confirm with . or Enter, or press ? or * to list all spells.
Aiming: Sandblast (safe; 3% risk of failure)
Press: ? - help, Shift-Dir - straight line, f/p - ice beast
Aim: an ice beast (severely wounded, 83% to hit)
You feel a surge of power!
The blast of sand hits the ice beast.
The ice beast is severely wounded.
The ice beast barely misses you.
Casting: Sandblast (safe; 3% risk of failure)
Confirm with . or Enter, or press ? or * to list all spells.
The spell is quite dangerous to miscast (21% risk of failure)!
Continue anyway? [Y]es or [N]o only, please.
The spell is quite dangerous to miscast (21% risk of failure)!
Continue anyway?
Aiming: Stone Arrow (quite dangerous; 21% risk of failure)
Press: ? - help, Shift-Dir - straight line, f/p - ice beast
Aim: an ice beast (severely wounded, 68% to hit)
You feel a surge of power!
The stone arrow hits the ice beast!
The ice beast is almost dead.
The ice beast hits you.
* * * LOW HITPOINT WARNING * * *
The ice beast freezes you!
You die...

#.# #.# #.# #.#
##.# #..#####.#
#........#
#..#.##### #..#@#
#<.#Y.......
######..#.#######
#.......#.#
#.#####.#.#
#.#.### #.....#
#.....# #..>..#


You could see an ice beast.

Vanquished Creatures
  2 adders (D:3)
  A worm (D:2)
  3 dart slugs
  An orc (D:3)
  7 ball pythons
  8 endoplasms
  2 giant cockroaches
  6 hobgoblins
  5 kobolds
  3 quokkas
  5 bats
  3 frilled lizards
  4 goblins
  10 rats
60 creatures vanquished.

Notes
Turn   | Place    | Note
-------+----------+-------------------------------------------
     0 | D:1      | GordonOverkill the Formicid Earth Elementalist began the
                  | quest for the Orb.
     0 | D:1      | Reached XP level 1. HP: 13/13 MP: 3/3
   514 | D:1      | Reached XP level 2. HP: 20/20 MP: 1/5
   918 | D:1      | Reached skill level 1 in Fighting
  1153 | D:1      | Reached skill level 4 in Earth Magic
  1217 | D:1      | Reached XP level 3. HP: 26/26 MP: 4/6
  1943 | D:2      | Found a faded altar of an unknown god.
  2259 | D:2      | Found a white marble altar of Elyvilon.
  2582 | D:3      | Reached XP level 4. HP: 32/32 MP: 8/8
  2585 | D:3      | Learned a level 2 spell: Passwall
  2589 | D:3      | Learned a level 3 spell: Stone Arrow
  2886 | D:3      | Found Suledgh's Assorted Antiques.
  2916 | D:3      | Found Qaif's Magic Scroll Boutique.
  3061 | D:4      | Noticed an ice beast
  3079 | D:4      | Mangled by an ice beast

Illustrated notes

Levels and vault maps discovered:
D:1:      matt_arrival_los_fun, layout_loops_ring
D:2:      layout_basic, basic_altar, hellmonk_ecumenical_altar_lost_god,
          minmay_heptomino_h4
D:3:      layout_basic, serial_shops, nicolae_shop_pleasant_corner_grove,
          nicolae_shop_overgrown_old_shop, minmay_crystal_water,
          minmay_quadrilaterals
D:4:      layout_loops_ring, mainiacjoe_overflow_catwalk,
          mainiacjoe_overflow_surrounded_room, grunt_temple_overflow_open,
          portal_sewer_entry_b, nicolae_shop_unique_rings

Skill      XL: |  1  2  3  4 |
---------------+-------------+-----
Fighting       | 1 |  1.9
Earth Magic    | 4 |  4.4
Transmutations | 2 |  2.2
Spellcasting   | 3 |  3.0
Dodging        | |  1.7
Stealth        | |  2.4
Conjurations   | |  0.5

Action                     |  1- 3 |  4- 6 || total
---------------------------+-------+-------++-------
  Melee: Unarmed           |     6 |       ||     6
   Cast: Sandblast         |    50 |    29 ||    79
         Stone Arrow       |       |     1 ||     1
Ability: Dig               |     2 |     1 ||     3
    Use: Scroll            |     3 |     1 ||     4
  Dodge: Dodged            |    10 |     5 ||    15
